 Dungeon Crawl Stone Soup version 0.29-a0-555-g3b24f45cc1 (webtiles) character file.

Game seed: 10677597845068235199

25 Hubjo the Insei (level 2, -1/22 HPs)
             Began as a Demonspawn Transmuter on June 7, 2022.
             Was a Believer of Lugonu.
             Succumbed to an adder's poison
             ... on level 2 of the Dungeon.
             The game lasted 00:01:05 (819 turns).

Hubjo the Insei (Demonspawn Transmuter)              Turns: 819, Time: 00:01:06

Health: -1/22      AC:  2    Str:  8    XL:     2   Next: 86%
Magic:  4/5        EV: 12    Int: 16    God:    Lugonu [**....]
Gold:   24         SH:  4    Dex: 13    Spells: 4/5 levels left

rFire   . . .      SeeInvis .     - Unarmed
rCold   . . .      Faith    .   (no shield)
rNeg    . . .      Spirit   .   a - +0 robe
rPois   .          Reflect  .   (helmet currently unavailable)
rElec   .          Harm     .   (no cloak)
rCorr   .          Rampage  .   (no gloves)
Will    .....                   (boots currently unavailable)
Stlth   +.........              (no amulet)
HPRegen 0.07/turn               (no ring)
MPRegen 0.09/turn               (no ring)

@: lethally poisoned (-1 -> -10), appendages
A: horns 2, talons 2, condensation shield, clever 1, weak 1, noise suppression
a: End Transformation, Renounce Religion, Depart the Abyss, Bend Space


You were on level 2 of the Dungeon.
You worshipped Lugonu.
Lugonu was pleased with you.
You had temporarily grown beastly horns and talons.
You visited 1 branch of the dungeon, and saw 2 of its levels.

You collected 24 gold pieces.

Inventory:

Armour
 a - a +0 robe (worn)
 g - the +1 leather armour of Theory {Dex+2}
   (You found it on level 2 of the Dungeon)

   Dex:       It affects your dexterity (+2).
Scrolls
 c - 5 scrolls of vulnerability
 e - 2 scrolls of identify {unknown}
 h - a scroll of teleportation {unknown}
Potions
 b - a potion of lignification
 f - a potion of attraction {unknown}


   Skills:
 * Level 1.8 Fighting
 - Level 1.7 Dodging
 + Level 0.7 Stealth
 + Level 2.9 Unarmed Combat
 + Level 2.2 Spellcasting
 + Level 2.0 Transmutations


You had 4 spell levels left.
You knew the following spells:

 Your Spells              Type           Power      Damage    Failure   Level
a - Beastly Appendage     Tmut           16%        N/A       9%          1

Your spell library contained the following spells:

 Spells                   Type           Power      Damage    Failure   Level
 Wereblood                Tmut           8%         N/A       13%         2
 Spider Form              Tmut/Pois      5%         N/A       36%         3
 Ice Form                 Ice/Tmut       5%         N/A       78%         4


Dungeon Overview and Level Annotations

Branches:
Dungeon (2/15)

Altars:
Lugonu


Innate Abilities, Weirdness & Mutations

You have temporarily grown beastly horns and talons.
A meltable shield of frost defends you. (SH +4)
Your mind is acute. (Int +2)
You are weak. (Str -2)
You passively dampen the noise of your surroundings.


Message History

The adder is almost dead.
The adder bites you. The adder closely misses you.
You closely miss the adder.
The adder is severely wounded.
The adder bites you.
You are poisoned.
The adder poisons you! The adder closely misses you.
You hit the adder.
You kill the adder!
Lugonu accepts your kill.
Your horns disappear.
Your talons disappear.
You feel sick. The adder barely misses you.
You hit the quokka but do no damage.
You feel sick. The adder misses you. You block the quokka's attack.
You hit the quokka.
The quokka is moderately wounded.
You feel sick. You block the adder's attack. The quokka closely misses you.
The adder bites you.
You are lethally poisoned!
The adder poisons you!
You closely miss the quokka.
The quokka is moderately wounded.
You feel sick. The quokka barely misses you. You block the adder's attack.
You barely miss the quokka.
The quokka is moderately wounded.
* * * LOW HITPOINT WARNING * * *
You feel sick. The quokka barely misses you. The adder bites you.
* * * LOW HITPOINT WARNING * * *
You are more poisoned.
The adder poisons you!
Casting: Beastly Appendage (safe; 10% risk of failure)
Confirm with . or Enter, or press ? or * to list all spells.
You grow a pair of large bovine horns.
Your feet morph into talons.
* * * LOW HITPOINT WARNING * * *
You feel very sick. The quokka misses you. The adder misses you.
The quokka barely misses you.
It was a potion of mutation.
You feel extremely strange.
You feel weaker.
You feel clever.
You feel your surroundings grow quieter.
You die...

###### #.....#
##....... #........
#........ ##.....!..
######.........
#######..@rg>!.......
#.......S###.......<.
#...<........#.......
#........###........#
#............##.###..
#........####.... .
###########.#.....
.##
##.....#.....#.#...
.# ##..............#
...


You could see an adder, a quokka and a goblin.

Vanquished Creatures
  An adder (D:2)
  A dart slug (D:1)
  2 giant cockroaches (D:1)
  2 goblins
  2 hobgoblins (D:1)
  A kobold (D:1)
  A quokka (D:1)
  2 ball pythons
  2 rats (D:1)
14 creatures vanquished.

Notes
Turn   | Place    | Note
-------+----------+-------------------------------------------
     0 | D:1      | Hubjo the Demonspawn Transmuter began the quest for the
                  | Orb.
     0 | D:1      | Reached XP level 1. HP: 15/15 MP: 3/3
    16 | D:1      | Found a faded altar of an unknown god.
    26 | D:1      | Prayed at the altar of an unknown god.
    26 | D:1      | Became a worshipper of Lugonu the Unformed
    26 | D:1      | Reached * piety under Lugonu
    26 | D:1      | Reached ** piety under Lugonu
   261 | D:1      | Gained mutation: A meltable shield of frost defends you.
                  | (SH +4) [demonic ancestry]
   261 | D:1      | Reached XP level 2. HP: 21/21 MP: 3/5
   739 | D:1      | You fall into a shaft and drop 1 floor!
   747 | D:2      | Identified the +1 leather armour of Theory {Dex+2}
   818 | D:2      | HP: 1/22 [poisoned by an adder]
   819 | D:2      | Gained mutation: You are weak. (Str -2) [potion of
                  | mutation]
   819 | D:2      | Gained mutation: Your mind is acute. (Int +2) [potion of
                  | mutation]
   819 | D:2      | Gained mutation: You passively dampen the noise of your
                  | surroundings. [potion of mutation]
   819 | D:2      | Succumbed to an adder's poison

Illustrated notes

Levels and vault maps discovered:
D:1:      scummos_arrival_forest, layout_rooms, serial_forest,
          infiniplex_forest_clump_long, infiniplex_forest_clump_double,
          infiniplex_forest_lined_2, infiniplex_forest_straight_3,
          infiniplex_forest_clump_diagonal, infiniplex_forest_diagonal,
          infiniplex_forest_lined_2, infiniplex_forest_straight_2,
          infiniplex_forest_lined_2, infiniplex_forest_3_way,
          hellmonk_ecumenical_altar_lost_god
D:2:      layout_rooms, basic_altar, uniq_terence

Skill      XL: |  1  2 |
---------------+-------+-----
Transmutations | 2 |  2.0
Fighting       | |  1.8
Dodging        | |  1.7
Stealth        | |  0.7
Unarmed Combat | |  2.9
Spellcasting   | |  2.2

Action                   || total
-------------------------++-------
Melee: Unarmed           ||    38
       Headbutt          ||     8
       Kick              ||     7
 Cast: Beastly Appendage ||    15
  Use: Scroll            ||     1
       Potion            ||     1
Armor: Robe              ||     3
Dodge: Dodged            ||    29
Block: Other             ||     7

Table legend: (Time is in decaauts)
 A = Elapsed time spent in this place.
 B = Non-inter-level travel time spent in this place.
 C = Inter-level travel time spent in this place.
 D = Time resting spent in this place.
 E = Time spent auto-exploring this place.
 F = Levels seen in this place.
 G = Mean time per level.
                   A        B        C        D        E       F      G
               +--------+--------+--------+--------+--------+-----+--------+
         Total |    817 |    817 |      0 |      0 |    685 |   2 |  408.5 |
       Dungeon |    817 |    817 |      0 |      0 |    685 |   2 |  408.5 |
               +--------+--------+--------+--------+--------+-----+--------+

Top non-repeatable levels by time:
     D:1: 737 daAuts
     D:2: 79 daAuts
